 Dungeon Crawl Stone Soup version 0.30-a0-918-g0ff054e9dc (webtiles) character file.

Game seed: 8323417100999942326

159 bobarctor the Grave Robber (level 5, -10/35 HPs)
             Began as a Demonspawn Necromancer on Mar 20, 2023.
             Killed from afar by Ijyb (14 damage)
             ... with a bolt of light
             ... on level 3 of the Dungeon.
             The game lasted 00:12:10 (2908 turns).

bobarctor the Grave Robber (Demonspawn Necromancer) Turns: 2908, Time: 00:12:11

Health: -10/35     AC:  2    Str: 10    XL:     5   Next: 17%
Magic:  2/10       EV: 14    Int: 18    God:
Gold:   135        SH:  0    Dex: 16    Spells: 3/11 levels left

rFire   . . .      SeeInvis .    m - +6 whip "Dizalej" {flame, Str+2 Dex+2}
rCold   . . .      Faith    .    (no shield)
rNeg    . . .      Spirit   .    a - +0 robe
rPois   .          Reflect  .    (no helmet)
rElec   .          Rampage  .    (no cloak)
rCorr   .                        (no gloves)
Will    .....                    (no boots)
Stlth   ++                       (no amulet)
HPRegen 0.25/turn                (no ring)
MPRegen 0.12/turn                (no ring)

@: no status effects
A: repulsion field 1, foul stench 1
a: no special abilities


You were on level 3 of the Dungeon.
You visited 1 branch of the dungeon, and saw 3 of its levels.

You collected 135 gold pieces.

Inventory:

Hand Weapons
 c - a +0 dagger
 k - a +1 dagger of speed
 m - the +6 whip "Dizalej" (weapon) {flame, Str+2 Dex+2}
   (You found it on level 2 of the Dungeon)

   Str:       It affects your strength (+2).
   Dex:       It affects your dexterity (+2).
Armour
 a - a +0 robe (worn)
Wands
 o - a wand of flame (10)
Scrolls
 e - 3 scrolls of magic mapping {unknown}
 f - 3 scrolls of fog {unknown}
 g - 4 scrolls of identify {unknown}
 n - a scroll of noise {unknown}
 r - a scroll of amnesia {unknown}
 s - a scroll of vulnerability {unknown}
 t - a scroll of enchant weapon {unknown}
Potions
 b - a potion of magic
 d - a potion of curing {unknown}
 h - a potion of resistance {unknown}
 i - 2 potions of flight {unknown}
 j - a potion of lignification {unknown}
 l - a potion of attraction {unknown}
 p - a potion of brilliance {unknown}
 q - 2 potions of degeneration {unknown}


   Skills:
 + Level 1.8 Dodging
 + Level 2.1 Stealth
 * Level 3.6 Spellcasting
 * Level 1.1 Conjurations
 + Level 5.0 Necromancy
 * Level 1.2 Air Magic
 * Level 0.7 Poison Magic


You had 3 spell levels left.
You knew the following spells:

 Your Spells              Type           Power      Damage    Failure   Level
a - Necrotise             Necr           84%        1d8       1%          1
b - Vampiric Draining     Necr           21%        2d7       5%          3
c - Magic Dart            Conj           28%        1d4       10%         1
d - Mephitic Cloud        Conj/Pois/Air  7%         N/A       30%         3

Your spell library contained the following spells:

 Spells                   Type           Power      Damage    Failure   Level
 Shock                    Conj/Air       28%        1d4       10%         1
 Call Imp                 Summ           3%         N/A       22%         2
 Swiftness                Air            7%         N/A       28%         3
 Animate Dead             Necr           21%        N/A       19%         4
 Agony                    Necr           21%        N/A       45%         5
 Airstrike                Air            3%         2d(1-17)  67%         4


Dungeon Overview and Level Annotations

Branches:
Dungeon (3/15)

Altars:
Vehumet

Annotations:
D:3 Ijyb


Innate Abilities, Weirdness & Mutations

You are surrounded by a mild repulsion field. (EV +2)
You may rarely emit foul miasma when damaged in melee.


Message History

Ouch! That really hurt!
* * * LOW HITPOINT WARNING * * *
Unknown command.
Casting: Vampiric Draining (dangerous; 5% risk of failure)
Confirm with . or Enter, or press ? or * to list all spells.
Aiming: Vampiric Draining (dangerous; 5% risk of failure)
Press: ? - help, Shift-Dir - straight line, f - Ijyb
Aim: Ijyb, wielding a +0 club, wearing a +4 scale mail of positive energy and carrying a wand of light (1)
You draw life force from Ijyb.
You feel life coursing into your body. Ijyb misses you.
Unknown command.
Unknown command.
Casting: Vampiric Draining (dangerous; 5% risk of failure)
Confirm with . or Enter, or press ? or * to list all spells.
Aiming: Vampiric Draining (dangerous; 5% risk of failure)
Press: ? - help, Shift-Dir - straight line, f/p - Ijyb
Aim: Ijyb, wielding a +0 club, wearing a +4 scale mail of positive energy and carrying a wand of light (1) (moderately wounded)
You draw life force from Ijyb.
You feel life coursing into your body. Ijyb barely misses you.
Unknown command.
Unknown command.
You closely miss Ijyb.
Ijyb is moderately wounded.
Ijyb hits you with a +0 club.
* * * LOW HITPOINT WARNING * * *
You hit Ijyb but do no damage.
Ijyb is moderately wounded.
Ijyb hits you but does no damage.
You hit Ijyb. You burn Ijyb.
Ijyb is heavily wounded.
Ijyb hits you with a +0 club.
* * * LOW HITPOINT WARNING * * *
You hit Ijyb but do no damage.
Ijyb is heavily wounded.
Ijyb screams, "You nasty!
Big nasty!"
Ijyb closely misses you.
You hit Ijyb but do no damage.
Ijyb is heavily wounded.
Ijyb zaps a wand.
The bolt of light hits you!
You die...

#.# #............. #.#
#<#####.##.... #.# #.##.... ##
#.# #.##.... .# #.# #.###### #
#.# #.# #.# #.# #.# #.# #@# #.# #
....>...g.....# #.#### ####
#.###.......... #....#
.....#.###.###.##.#...#.#####.###
##.##.......##. ...............#
............##. ######.#####.#.#
##.##.......## #.#.# #.......#
#.#.# #.......# #.#.#


You could see Ijyb.

Vanquished Creatures
  An orc priest (D:3)
  An orc wizard (D:3)
  3 adders
  2 dart slugs
  3 orcs (D:3)
  7 ball pythons
  5 bats
  8 endoplasms
  2 giant cockroaches (D:2)
  9 goblins
  5 hobgoblins
  5 jackals
  6 kobolds
  2 frilled lizards
  3 rats
62 creatures vanquished.

Vanquished Creatures (collateral kills)
  An endoplasm (D:2)
  A goblin (D:2)
  A hobgoblin (D:2)
3 creatures vanquished.

Grand Total: 65 creatures vanquished

Notes
Turn   | Place    | Note
-------+----------+-------------------------------------------
     0 | D:1      | bobarctor the Demonspawn Necromancer began the quest for
                  | the Orb.
     0 | D:1      | Reached XP level 1. HP: 13/13 MP: 3/3
   273 | D:1      | Gained mutation: You are surrounded by a mild repulsion
                  | field. (EV +2) [demonic ancestry]
   273 | D:1      | Reached XP level 2. HP: 18/19 MP: 1/5
  1109 | D:2      | Reached XP level 3. HP: 24/24 MP: 0/7
  1202 | D:2      | Learned a level 3 spell: Vampiric Draining
  1204 | D:2      | Learned a level 1 spell: Magic Dart
  1234 | D:2      | Found a faded altar of an unknown god.
  1493 | D:2      | Learned a level 3 spell: Mephitic Cloud
  1634 | D:2      | Found a radiant altar of Vehumet.
  1806 | D:2      | Identified the +6 whip "Dizalej" {flame, Str+2 Dex+2}
  2091 | D:2      | Reached XP level 4. HP: 30/30 MP: 4/8
  2693 | D:3      | Reached skill level 1 in Conjurations
  2693 | D:3      | Reached skill level 5 in Necromancy
  2693 | D:3      | Reached skill level 1 in Air Magic
  2696 | D:3      | Gained mutation: You may rarely emit foul miasma when
                  | damaged in melee. [demonic ancestry]
  2696 | D:3      | Reached XP level 5. HP: 24/35 MP: 10/10
  2895 | D:3      | Noticed Ijyb
  2908 | D:3      | Killed from afar by Ijyb

Illustrated notes

Levels and vault maps discovered:
D:1:      spicycebolla_arrival_xxxplode, layout_basic, minmay_misc_feat_rows,
          minmay_cut_off
D:2:      minmay_inner_zag, layout_basic, basic_altar,
          chequers_ecumenical_altar_simple_redux
D:3:      layout_loops_ring, uniq_ijyb, uniq_natasha

Skill      XL: |  1  2  3  4 |
---------------+-------------+-----
Spellcasting   | 3 |  3.6
Stealth        | 2 |  2.1
Conjurations   | 1 |  1.1
Necromancy     | 5 |  5.0
Air Magic      | 1 |  1.2
Dodging        | |  1.8
Poison Magic   | |  0.7

Action                     |  1- 3 |  4- 6 || total
---------------------------+-------+-------++-------
  Melee: Unarmed           |    13 |       ||    13
         Dagger            |    14 |       ||    14
         Whip              |     6 |    48 ||    54
         Punch             |     1 |     2 ||     3
   Cast: Necrotise         |    69 |     5 ||    74
         Vampiric Draining |       |     3 ||     3
   Stab: Sleeping          |     1 |     1 ||     2
 Armour: Robe              |     7 |     4 ||    11
  Dodge: Dodged            |    26 |    25 ||    51

Table legend: (Time is in decaauts)
 A = Elapsed time spent in this place.
 B = Non-inter-level travel time spent in this place.
 C = Inter-level travel time spent in this place.
 D = Time resting spent in this place.
 E = Time spent auto-exploring this place.
 F = Levels seen in this place.
 G = Mean time per level.
                   A        B        C        D        E       F      G
               +--------+--------+--------+--------+--------+-----+--------+
         Total |   2910 |   2838 |     72 |    168 |   2202 |   3 |  970.0 |
       Dungeon |   2910 |   2838 |     72 |    168 |   2202 |   3 |  970.0 |
               +--------+--------+--------+--------+--------+-----+--------+

Top non-repeatable levels by time:
     D:2: 1270 daAuts
     D:1: 1092 daAuts
     D:3: 547 daAuts
